 Dungeon Crawl Stone Soup version 0.25.0-11-g1f837a76a1 (webtiles) character file.

Game seed: 11579814743582169958

189906 MordorOrchid the Eclecticist (level 17, -6/120 HPs)
             Began as a Green Draconian Ice Elementalist on June 26, 2020.
             Was the Champion of Hepliaklqana.
             Mangled by Bai Suzhen (11 damage)
             ... on level 4 of the Shoals on June 27, 2020.
             The game lasted 03:50:39 (32495 turns).

MordorOrchid the Eclecticist (DrIE)                Turns: 32495, Time: 03:50:41

Health: -6/120     AC: 15    Str: 15    XL:     17   Next: 52%
Magic:  56/56      EV: 16    Int: 33    God:    Hepliaklqana [******]
Gold:   3324       SH: 12    Dex: 12    Spells: 19/48 levels left

rFire    . . .     SeeInvis .   N - +8 quick blade
rCold    + . .     Gourm    .   x - +2 kite shield {reflect}
rNeg     . . .     Faith    .   (armour unavailable)
rPois    +         Spirit   .   n - +3 hat of Pondering {ponderous, MR+ MP+10 Int+5}
rElec    .         Reflect  +   P - +0 cloak
rCorr    .         Harm     .   W - +0 pair of gloves of Gravitas {rC+ Str+4}
MR       ++...                  V - +0 pair of boots
Stlth    +++.......             w - amulet of magic regeneration
HPRegen  0.30/turn              R - +6 ring of intelligence
MPRegen  0.60/turn              s - ring of magical power

@: about to teleport, stab, hasted, very quick
A: breathe noxious fumes, unfitting armour, reduced essence, stinger 1, poison
resistance, cold-blooded, AC +9
}: 1/15 runes: barnacled
a: Breathe Noxious Fumes, Recall Ancestor, Ancestor Identity, Transference,
Idealise, Renounce Religion


You were on level 4 of the Shoals.
You worshipped Hepliaklqana.
Hepliaklqana was exalted by your worship.
You were not hungry.

You visited 4 branches of the dungeon, and saw 27 of its levels.
You also visited: Ossuary, Bailey and Ice Cave.

You collected 3969 gold pieces.
You spent 645 gold pieces at shops.

Inventory:

Hand Weapons
 a - the +5 short sword of Shrieking Terror {flame, +Fly rF+ rC+ rN+}
   (You found it on level 3 of the Shoals)

   It has been specially enchanted to burn those struck by it, causing extra
   injury to most foes and up to half again as much damage against particularly
   susceptible opponents.
   It protects you from fire.
   It protects you from cold.
   It protects you from negative energy.
   It lets you fly.
 y - a +5 dagger of venom
 N - a +8 quick blade (weapon)
Missiles
 i - 61 javelins
 j - 69 silver javelins
 q - 4 throwing nets (quivered)
 T - 11 curare-tipped darts
 Z - 30 boomerangs
Armour
 n - the +3 hat of Pondering (worn) {ponderous, MR+ MP+10 Int+5}
   (You took it off Gastronok on level 11 of the Dungeon)

   It affects your intelligence (+5).
   It affects your resistance to hostile enchantments.
   It affects your magic capacity (+10).
 x - a +2 kite shield of reflection (worn)
 P - a +0 cloak (worn)
 V - a +0 pair of boots (worn)
 W - the +0 pair of gloves of Gravitas (worn) {rC+ Str+4}
   (You found it in a bailey)

   It affects your strength (+4).
   It protects you from cold.
Jewellery
 s - a ring of magical power (right hand)
 w - an amulet of magic regeneration (around neck)
 A - an uncursed ring of protection from cold
 R - a +6 ring of intelligence (left hand)
 S - an uncursed ring of fire
 Y - an uncursed ring of see invisible
Wands
 f - a wand of flame (1)
 z - a wand of enslavement (20)
 B - a wand of polymorph (23)
 C - a wand of disintegration (1)
 F - a wand of paralysis (8)
 L - a wand of iceblast (11)
 O - a wand of clouds (6)
 Q - a wand of acid (16)
 U - a wand of digging (4)
Scrolls
 c - 4 scrolls of remove curse
 d - 6 scrolls of teleportation
 l - a scroll of summoning
 v - a scroll of vulnerability
 H - 4 scrolls of fog
 M - a scroll of immolation
Potions
 e - 8 potions of curing
 h - 2 potions of magic
 k - 2 potions of brilliance
 m - 3 potions of heal wounds
 u - 5 potions of haste
 E - a potion of flight
 G - a potion of cancellation
 I - 4 potions of resistance
 J - a potion of might
 K - a potion of berserk rage
Miscellaneous
 g - a tin of tremorstones (3/3)
 D - a box of beasts
 X - a phial of floods
Comestibles
 b - 60 rations
 o - a chunk of flesh


   Skills:
 - Level 8.0 Fighting
 - Level 4.0 Short Blades
 - Level 5.0 Throwing
 * Level 9.5 Dodging
 * Level 4.5 Stealth
 * Level 7.5 Shields
 * Level 16.3 Spellcasting
 * Level 7.6 Conjurations
 - Level 5.0 Hexes
 - Level 1.0 Charms
 - Level 6.0 Summonings
 + Level 12.1 Ice Magic
 - Level 6.0 Air Magic
 - Level 7.0 Invocations
 - Level 7.0 Evocations


You had 19 spell levels left.
You knew the following spells:

 Your Spells              Type           Power        Failure   Level  Hunger
a - Freeze                Ice            ####         1%          1    None
b - Frozen Ramparts       Ice            ######       1%          3    None
g - Mephitic Cloud        Conj/Pois/Air  ######..     1%          3    None
r - Hailstorm             Conj/Ice       #######.     1%          4    None
s - Summon Ice Beast      Ice/Summ       ######..     1%          4    None
y - Ozocubu's Armour      Chrm/Ice       ######..     1%          3    None
A - Confusing Touch       Hex            ######..     1%          3    None
B - Airstrike             Air            ######....   3%          4    None
J - Fulminant Prism       Conj/Hex       ######....   2%          4    None

Your spell library contained the following spells:

 Spells                   Type           Power        Failure   Level  Hunger
 Foxfire                  Conj/Fire      ####         1%          1    None
 Magic Dart               Conj           ####         1%          1    None
 Shock                    Conj/Air       ####         1%          1    None
 Poisonous Vapours        Pois/Air       #####.       1%          2    None
 Searing Ray              Conj           ######       1%          2    None
 Swiftness                Chrm/Air       ######..     1%          2    None
 Dazzling Flash           Conj/Hex       ######       1%          3    None
 Static Discharge         Conj/Air       ######..     1%          3    None
 Conjure Flame            Conj/Fire      ######..     2%          3    None
 Sting                    Tmut/Pois      ####         3%          1    None
 Metabolic Englaciation   Hex/Ice        ######....   3%          5    None
 Shroud of Golubria       Chrm/Tloc      ####..       4%          2    None
 Inner Flame              Hex/Fire       #####...     4%          3    None
 Sublimation of Blood     Necr           ####......   6%          2    None
 Lightning Bolt           Conj/Air       ######....   6%          5    None
 Iskenderun's Mystic Bla  Conj/Tloc      ######..     8%          4    None
 Sticky Flame             Conj/Fire      ######..     8%          4    None
 Gell's Gravitas          Tloc           ####......   12%         3    None
 Ignite Poison            Fire/Tmut/Pois ####....     12%         3    None
 Lesser Beckoning         Tloc           ####......   12%         3    None
 Iskenderun's Battlesphe  Conj/Chrm      ######..     19%         5    None
 Fireball                 Conj/Fire      ######....   22%         5    None
 Irradiate                Conj/Tmut      ######....   22%         5    None
 Olgreb's Toxic Radiance  Pois           ####....     36%         4    None
 Petrify                  Tmut/Erth      ####....     36%         4    None
 Bolt of Magma            Conj/Fire/Erth #####.....   36%         5    None
 Yara's Violent Unravell  Hex/Tmut       #####.....   36%         5    None
 Iron Shot                Conj/Erth      ######....   77%         6    #......
 Orb of Destruction       Conj           ######....   80%         7    ####...
 Spellforged Servitor     Conj/Summ      ######....   89%         7    ####...
 Hydra Form               Tmut           ####......   99%         6    #......
 Statue Form              Tmut/Erth      ####.....    99%         6    #......
 Dragon Form              Tmut           ####......   100%        7    ####...
 Chain Lightning          Conj/Air       ######....   100%        8    ######.
 Controlled Blink         Tloc           N/A          100%        8    ######.
 Lehudib's Crystal Spear  Conj/Erth      ######....   100%        8    ######.
 Absolute Zero            Ice            #######...   100%        9    #######
 Fire Storm               Conj/Fire      ######....   100%        9    #######


Dungeon Overview and Level Annotations

Branches:
Dungeon (15/15)            Temple (0/1) D:7            Lair (6/6) D:8
 Shoals (4/4) Lair:3       Spider (0/4) Lair:2        Slime (0/5) Lair:6
    Orc (2/2) D:10            Elf (0/3) Orc:2        Vaults (0/5) D:13
 Depths (0/5) D:15        Ossuary (visited)          Bailey (visited)
  IceCv (visited)

Altars:
Cheibriados
Elyvilon
Hepliaklqana
Qazlal
Ru
Trog
Uskayaw
Vehumet
Xom
Yredelemnul
The Shining One
Beogh
Jiyva

Shops:
Orc:2 (=**[

Annotations:
D:7 1 runed translucent door
D:14 exclusion: upstairs
Lair:2 exclusion: 2 oklob plants
Lair:6 1 runed translucent door
Shoals:3 1 runed translucent door, ShutUppercut's ghost, adept SpEn
Shoals:4 Bai Suzhen
Orc:1 2 transporters, cantrip's ghost, journeyman FoFi


Innate Abilities, Weirdness & Mutations

You can breathe blasts of noxious fumes.
Your lurid green scales are hard. (AC +9)
You cannot fit into any form of body armour.
Your tail ends in a poisonous barb.
Your system is resistant to poisons. (rPois)
You are cold-blooded and may be slowed by cold attacks.
Your life essence is reduced to manifest your ancestor. (-10% HP)


Message History

Bai Suzhen is severely wounded.
Evoke which item? (* to show all) (? for menu, Esc to quit)
Aiming: Corrosive Bolt
Press: ? - help, Shift-Dir - straight line, f/p - Bai Suzhen
Aim: Bai Suzhen (thunder, severely wounded, unusually resistant, catching her breath)
The bolt of acid hits Bai Suzhen.
Bai Suzhen completely resists.
Bai Suzhen is severely wounded.
You are standing in a thunderstorm.
Bai Suzhen is no longer unusually resistant.
Evoke which item? (* to show all) (? for menu, Esc to quit)
Aiming: Corrosive Bolt
Press: ? - help, Shift-Dir - straight line, f/p - Bai Suzhen
Aim: Bai Suzhen (severely wounded, catching her breath)
The bolt of acid hits Bai Suzhen but does no damage.
Bai Suzhen is severely wounded.
You are standing in a thunderstorm.
You are struck by lightning!
* * * LOW HITPOINT WARNING * * *
You hear a shout!
You hear a screech!
You hear an angry hiss.
Bai Suzhen bites you!
You die...

#≈≈≈≈≈≈≈≈≈≈≈≈ #/≈≈≈≈≈≈≈≈≈≈
≈≈≈./...≈≈≈#####
≈≈d.......##≈≈≈## ≈≈.
≈≈........#≈≈≈≈≈# ≈≈≈≈
≈≈....D...#@§=≈≈#≈≈≈.≈.
≈≈≈.!...R.#DR≈≈≈#≈≈≈≈≈≈≈
≈≈≈.......##§§≈##≈≈≈≈≈≈≈
≈≈≈≈≈≈≈.......##(##≈≈≈≈≈≈≈.
≈≈≈≈≈≈≈≈≈...DDRd§≈≈≈≈≈≈≈≈≈≈
≈≈≈≈≈≈≈≈≈....d≈≈§≈≈≈≈≈≈≈≈#####
≈≈≈≈≈≈≈≈...≈≈≈≈≈≈≈≈≈≈≈≈≈##...##≈
≈≈≈≈≈≈≈≈≈..D≈≈≈≈≈≈≈≈≈≈≈≈#.....#≈
≈≈≈≈≈≈≈≈≈.....≈≈≈≈≈≈≈≈≈≈#..}..#≈


You could see the friendly jones the hexer and Bai Suzhen (catching breath).

Vanquished Creatures
  Saint Roka (Orc:2)
  Polyphemus (Shoals:2)
  A kraken (Shoals:3)
  Donald (Orc:2)
  Kirke (Shoals:1)
  Roxanne (D:14)
  Aizul (Lair:3)
  Nessos (Lair:5)
  6 merfolk javelineers
  Josephine (D:11)
  5 merfolk impalers
  8 hydras
  2 ice dragons (IceCv)
  2 catoblepae
  A merfolk avatar (Shoals:3)
  An alligator snapping turtle (Shoals:2)
  2 centaur warriors
  6 two-headed ogres
  2 satyrs
  5 death yaks
  2 merfolk aquamancers
  Urug (Orc:2)
  An orc high priest (Orc:2)
  A storm dragon zombie (D:15)
  3 skeletal warriors (D:14)
  An unseen horror (D:14)
  3 sea snakes
  A phantasmal warrior (D:15)
  2 wizards (D:13)
  A necromancer (D:15)
  3 orc knights
  6 fauns
  10 ugly things
  An orc sorcerer (Orc:2)
  4 manticores
  4 cyclopes
  11 elephants
  Psyche (D:12)
  3 black mambas
  4 water nymphs
  2 ice statues (IceCv)
  A centaur skeleton (D:13)
  3 centaur zombies
  10 merfolk sirens
  Joseph (D:7)
  A torpor snail (Lair:5)
  Maggie (D:6)
  7 spiny frogs
  A rime drake (IceCv)
  7 komodo dragons
  A yaktaur (D:15)
  A kobold demonologist (D:15)
  5 ice devils (D:13)
  2 wind drakes
  8 merfolk
  A queen bee (D:11)
  5 trolls
  A wind drake (shapeshifter) (D:15)
  8 polar bears
  2 raiju (Lair:6)
  8 dream sheep
  Prince Ribbit (D:7)
  6 slime creatures
  5 blink frogs (Lair:6)
  A meliai zombie (D:15)
  3 snapping turtles
  5 hippogriffs
  A shadow (D:13)
  A wyvern (D:15)
  3 water elementals
  3 wraiths
  A tarantella (shapeshifter) (D:15)
  3 ynoxinuls (D:13)
  13 yaks
  A human (D:7)
  2 basilisks
  6 hogs
  A hungry ghost (D:11)
  8 vampire mosquitoes
  Menkaure (D:7)
  Edmund (D:5)
  A harpy simulacrum (D:15)
  9 wargs
  An acid dragon (D:14)
  Duvessa (D:6)
  9 hell hounds (Lair:6)
  9 water moccasins
  4 porcupines
  11 ice beasts
  21 orc warriors
  3 sky beasts (D:7)
  A phantom (D:14)
  11 black bears
  2 eyes of draining
  5 ogres
  A centaur (D:13)
  15 wolves
  7 crocodiles
  3 big kobolds
  11 bullfrogs
  9 gnoll sergeants
  A wyvern zombie (D:14)
  4 scorpions
  5 hexers
  36 killer bees
  2 howler monkeys
  2 electric eels (Lair:3)
  6 crimson imps
  3 quasits
  A jelly (D:12)
  11 orc priests
  6 hounds
  23 orc wizards
  7 gnoll shamans
  Jessica (D:2)
  A bullfrog skeleton (D:5)
  8 worker ants
  3 iguanas
  3 big kobold zombies (Ossuary)
  A hound skeleton (D:5)
  A worker ant zombie (D:5)
  20 gnolls
  2 howler monkey skeletons (D:8)
  6 adders
  A shadow imp (D:11)
  7 oozes
  6 worms
  A dart slug (D:1)
  3 leopard geckos
  67 orcs
  8 giant cockroaches
  9 goblins
  2 hobgoblins
  19 jackals
  5 quokkas
  10 bats
  5 frilled lizards
  3 gnoll zombies (Ossuary)
  A goblin zombie (Ossuary)
  3 hobgoblin zombies (Ossuary)
  21 kobolds
  3 kobold zombies (Ossuary)
  A leopard gecko skeleton (D:3)
  2 orc zombies (Ossuary)
  A quokka zombie (D:6)
  8 rats
  4 fungi (Lair:6)
  9 plants
  3 tentacles (Shoals:3)
743 creatures vanquished.

Vanquished Creatures (collateral kills)
  Rupert (Lair:4)
  Gastronok (D:11)
  Ilsuiw (Shoals:2)
  Snorg (Lair:6)
  Erolcha (D:9)
  2 hydras
  A merfolk avatar (Shoals:4)
  2 catoblepae
  2 merfolk aquamancers (Shoals:4)
  3 two-headed ogres
  3 death yaks
  2 sea snakes
  2 wizards
  A lindwurm (Lair:3)
  2 orc knights (Orc:2)
  A harpy (Shoals:4)
  An ugly thing (D:15)
  4 fauns
  An orc sorcerer (Orc:2)
  3 manticores
  A fire giant zombie (D:15)
  A cyclops (D:12)
  3 slime creatures
  A black mamba (Lair:4)
  A torpor snail (Lair:6)
  3 elephants
  3 water nymphs
  5 spiny frogs
  4 rime drakes
  6 komodo dragons
  4 polar bears
  5 merfolk
  5 trolls
  3 wind drakes
  7 dream sheep
  A hippogriff (Shoals:1)
  A snapping turtle (Lair:3)
  7 yaks
  3 wraiths (D:11)
  2 water elementals
  Eustachio (D:6)
  A wyvern (D:15)
  A hungry ghost (D:8)
  A warg (Lair:6)
  2 acid dragons
  A tengu zombie (D:15)
  4 hell hounds (Lair:6)
  3 porcupines
  5 water moccasins
  5 orc warriors
  7 ice beasts
  2 black bears (Lair:6)
  A phantom (D:10)
  2 ogres
  7 wolves
  2 crocodiles
  2 centaurs (D:8)
  A wyvern zombie (D:12)
  2 bullfrogs
  A gnoll sergeant (D:6)
  Dowan (D:6)
  7 killer bees
  2 centaur zombies
  2 hounds
  A bullfrog zombie (D:11)
  2 jellies
  A bullfrog skeleton (D:8)
  2 orc priests (Orc:2)
  7 orc wizards
  A centaur skeleton (D:7)
  A worker ant (D:4)
  A killer bee zombie (D:10)
  3 big kobold zombies (Ossuary)
  2 hound skeletons
  2 mummies
  A worker ant zombie (D:5)
  7 gnolls
  An adder (D:11)
  2 shadow imps (D:10)
  An ooze (D:4)
  14 orcs
  5 spectral bats (Ossuary)
  A goblin (D:14)
  A jackal (D:7)
  A kobold (D:9)
  A quokka (D:5)
  3 bat simulacra (Ossuary)
  3 gnoll zombies (Ossuary)
  3 goblin simulacra (Ossuary)
  3 goblin zombies (Ossuary)
  A hobgoblin zombie (Ossuary)
  2 kobold simulacra (Ossuary)
  4 kobold zombies (Ossuary)
  A leopard gecko skeleton (D:4)
  An orc zombie (Ossuary)
  3 rat simulacra (Ossuary)
  2 spectral goblins (Ossuary)
  2 spectral kobolds (Ossuary)
  A spectral rat (Ossuary)
  2 fungi
  A plant (Lair:6)
254 creatures vanquished.

Vanquished Creatures (others)
  A merfolk javelineer (Shoals:4)
  An alligator snapping turtle (Shoals:2)
  A human (Shoals:1)
  A wolf (Lair:6)
  23 hexers
  An orc wizard (D:6)
  3 ancestors
  A giant cockroach (D:6)
  A quokka skeleton (D:6)
  2 bushes (Lair:2)
  35 fulminant prisms
  17 fungi
  29 plants
  16 tentacles
  10 toadstools (Lair:3)
  A withered plant (D:15)
143 creatures vanquished.

Grand Total: 1140 creatures vanquished

Notes
Turn   | Place    | Note
-------+----------+-------------------------------------------
     0 | D:1      | MordorOrchid the Draconian Ice Elementalist began the quest
                  | for the Orb.
     0 | D:1      | Reached XP level 1. HP: 14/14 MP: 3/3
     1 | D:1      | Found a runed translucent door.
   259 | D:1      | Reached XP level 2. HP: 22/22 MP: 3/5
  1000 | D:1      | Reached XP level 3. HP: 25/27 MP: 1/6
  1005 | D:1      | Learned a level 3 spell: Frozen Ramparts
  1264 | D:1      | Reached skill level 1 in Fighting
  1302 | D:1      | Reached XP level 4. HP: 33/35 MP: 1/7
  1316 | D:1      | Learned a level 3 spell: Ozocubu's Armour
  1648 | D:2      | Noticed Jessica
  1662 | D:2      | Killed Jessica
  1662 | D:2      | Reached skill level 3 in Spellcasting
  1662 | D:2      | Reached XP level 5. HP: 40/40 MP: 0/9
  3650 | D:3      | Found a hazy altar of Hepliaklqana.
  3658 | D:3      | Became a worshipper of Hepliaklqana the Forgotten
  3790 | D:4      | Reached XP level 6. HP: 43/43 MP: 7/11
  3799 | D:4      | Reached skill level 1 in Charms
  3799 | D:4      | Reached skill level 5 in Ice Magic
  3952 | D:4      | Reached skill level 4 in Spellcasting
  4155 | D:4      | Your scales start taking on a lurid green colour.
  4155 | D:4      | Reached XP level 7. HP: 29/49 MP: 7/14
  4155 | D:4      | Gained mutation: Your system is resistant to poisons.
                  | (rPois) [Green Draconian growth]
  4155 | D:4      | Reached skill level 5 in Spellcasting
  4401 | D:4      | Reached * piety under Hepliaklqana
  4513 | D:4      | Found a shimmering altar of Xom.
  4659 | D:4      | Learned a level 4 spell: Hailstorm
  4664 | D:4      | Learned a level 4 spell: Summon Ice Beast
  4667 | D:5      | Entered Level 5 of the Dungeon
  5280 | D:5      | Found a sacrificial altar of Ru.
  5301 | D:5      | Reached skill level 1 in Summonings
  5321 | D:5      | Reached skill level 6 in Spellcasting
  5352 | D:5      | Noticed Edmund
  5355 | D:5      | Reached ** piety under Hepliaklqana
  5369 | D:5      | Killed Edmund
  5369 | D:5      | Reached XP level 8. HP: 54/54 MP: 17/17
  5624 | D:5      | Found a white marble altar of Elyvilon.
  5697 | D:6      | Noticed Maggie
  5699 | D:6      | Found a snail-covered altar of Cheibriados.
  5730 | D:6      | Killed Maggie
  5850 | D:6      | Reached skill level 7 in Spellcasting
  5968 | D:6      | Found a stormy altar of Qazlal.
  6003 | D:6      | Found a radiant altar of Vehumet.
  6231 | D:6      | Noticed Duvessa
  6250 | D:6      | Noticed Dowan
  6253 | D:6      | Killed Duvessa
  6253 | D:6      | Reached XP level 9. HP: 60/60 MP: 16/20
  6266 | D:6      | Killed Dowan
  6414 | D:6      | Noticed Eustachio
  6429 | D:6      | Killed Eustachio
  6429 | D:6      | Reached skill level 8 in Spellcasting
  6576 | D:7      | Noticed Joseph
  6584 | D:7      | Killed Joseph
  6773 | D:7      | Found a sand-covered staircase.
  6841 | Ossuary  | Entered an ossuary
  7210 | Ossuary  | Reached skill level 1 in Conjurations
  7305 | Ossuary  | Remembered your ancestor jones as a hexer
  7472 | D:7      | Noticed Prince Ribbit
  7482 | D:7      | Killed Prince Ribbit
  7858 | D:7      | Found a staircase to the Ecumenical Temple.
  7918 | D:7      | Reached skill level 9 in Spellcasting
  7928 | D:7      | Reached XP level 10. HP: 31/69 MP: 11/23
  8243 | D:7      | Noticed Menkaure
  8434 | D:7      | Killed Menkaure
  8434 | D:7      | Reached skill level 5 in Dodging
  8554 | D:7      | Found a glowing golden altar of the Shining One.
  8555 | D:7      | Found a runed translucent door.
  8555 | D:7      | Noticed an angel
  8677 | D:8      | Reached *** piety under Hepliaklqana
  9024 | D:8      | Got an iridescent rapier
  9027 | D:8      | Identified the cursed +0 rapier of Pride {freeze, rF+} (You
                  | found it on level 8 of the Dungeon)
  9098 | D:8      | Noticed a two-headed ogre
  9126 | D:8      | Killed a two-headed ogre
  9126 | D:8      | Reached skill level 1 in Short Blades
  9126 | D:8      | Reached skill level 1 in Invocations
  9126 | D:8      | Reached skill level 1 in Evocations
  9288 | D:8      | Noticed a two-headed ogre
  9299 | D:8      | Killed a two-headed ogre
 10287 | D:8      | Found a staircase to the Lair.
 10601 | D:8      | Found a hide-covered altar of Uskayaw.
 10603 | D:8      | Found a basalt altar of Yredelemnul.
 10780 | D:9      | Noticed Erolcha
 10821 | D:9      | Learned a level 4 spell: Airstrike
 10841 | D:9      | Reached skill level 10 in Spellcasting
 11262 | D:9      | Killed Erolcha
 11262 | D:9      | Reached skill level 5 in Summonings
 11262 | D:9      | Reached XP level 11. HP: 76/76 MP: 10/25
 11336 | D:9      | Reached skill level 1 in Air Magic
 11477 | D:9      | Reached **** piety under Hepliaklqana
 11530 | D:10     | Entered Level 10 of the Dungeon
 11568 | D:10     | Noticed a two-headed ogre
 11573 | D:10     | Found a staircase to the Orcish Mines.
 11579 | D:10     | Killed a two-headed ogre
 11727 | D:10     | Noticed a two-headed ogre
 11738 | D:10     | Killed a two-headed ogre
 12023 | D:10     | Noticed a two-headed ogre
 12031 | D:10     | Killed a two-headed ogre
 12178 | D:11     | Reached skill level 5 in Fighting
 12285 | D:11     | Noticed Gastronok
 12300 | D:11     | Killed Gastronok
 12328 | D:11     | Got a translucent quarterstaff
 12358 | D:11     | Noticed Josephine
 12444 | D:11     | Reached skill level 11 in Spellcasting
 12460 | D:11     | Killed Josephine
 12954 | Lair:1   | Entered Level 1 of the Lair of Beasts
 13097 | Lair:1   | Reached XP level 12. HP: 84/84 MP: 27/27
 13580 | Lair:2   | Found a hole to the Spider Nest.
 13597 | Lair:2   | Reached skill level 1 in Shields
 13805 | Lair:2   | Identified the +7 quarterstaff of the Omega Point {elec,
                  | MR+ Str+4} (You found it on level 11 of the Dungeon)
 13878 | Lair:2   | Reached skill level 12 in Spellcasting
 14427 | Lair:3   | Noticed a six-headed hydra
 14440 | Lair:3   | Killed a six-headed hydra
 14444 | Lair:3   | Reached skill level 5 in Invocations
 14596 | Lair:3   | Noticed a six-headed hydra
 14610 | Lair:3   | Killed a six-headed hydra
 14752 | Lair:3   | Noticed a four-headed hydra
 14759 | Lair:3   | Killed a four-headed hydra
 15019 | Lair:3   | Noticed an eight-headed hydra
 15034 | Lair:3   | Killed an eight-headed hydra
 15162 | Lair:3   | Noticed an eight-headed hydra
 15168 | Lair:3   | Killed an eight-headed hydra
 15168 | Lair:3   | Reached skill level 10 in Ice Magic
 15168 | Lair:3   | Reached skill level 5 in Evocations
 15207 | Lair:3   | Reached XP level 13. HP: 90/90 MP: 27/29
 15372 | Lair:3   | Reached ***** piety under Hepliaklqana
 15384 | Lair:3   | Reached skill level 13 in Spellcasting
 15565 | Lair:3   | Found a staircase to the Shoals.
 16002 | Lair:3   | Found a runed translucent door.
 17244 | Lair:4   | Noticed Rupert
 17281 | Lair:4   | Killed Rupert
 18048 | Lair:5   | Noticed Nessos
 18060 | Lair:5   | Killed Nessos
 18655 | Lair:5   | Learned a level 3 spell: Confusing Touch
 18909 | Lair:6   | Entered Level 6 of the Lair of Beasts
 19024 | Lair:6   | Noticed Snorg
 19096 | Lair:5   | Reached skill level 1 in Hexes
 19201 | Lair:6   | Found a runed translucent door.
 19202 | Lair:6   | Found a viscous altar of Jiyva.
 19204 | Lair:6   | Noticed an azure jelly
 19208 | Lair:6   | Found a staircase to the Slime Pits.
 19208 | Lair:6   | Noticed an azure jelly
 19208 | Lair:6   | Noticed an azure jelly
 19406 | Lair:6   | Reached skill level 14 in Spellcasting
 19628 | Lair:6   | Killed Snorg
 19628 | Lair:6   | Gained mutation: Your tail ends in a poisonous barb. [Green
                  | Draconian growth]
 19628 | Lair:6   | Reached XP level 14. HP: 97/97 MP: 16/32
 20281 | Lair:6   | Reached skill level 5 in Air Magic
 20435 | Lair:1   | Reached skill level 5 in Shields
 20435 | Lair:1   | Reached skill level 5 in Conjurations
 20657 | Orc:1    | Entered Level 1 of the Orcish Mines
 20687 | Orc:2    | Entered Level 2 of the Orcish Mines
 20721 | Orc:2    | Reached ****** piety under Hepliaklqana
 20814 | Orc:2    | Noticed Urug
 20835 | Orc:2    | Killed Urug
 20988 | Orc:2    | Found Zielurr's Assorted Antiques.
 21017 | Orc:2    | Noticed Donald
 21027 | Orc:2    | Killed Donald
 21097 | Orc:2    | Noticed Saint Roka
 21144 | Orc:2    | Killed Saint Roka
 21437 | Orc:2    | Bought a pair of runed gloves for 195 gold pieces
 21437 | Orc:2    | Bought a scroll labeled JEEHYUVUMOZAT for 26 gold pieces
 21437 | Orc:2    | Bought a wand of iceblast (12) for 104 gold pieces
 21437 | Orc:2    | Bought a scroll of fog for 52 gold pieces
 21616 | Orc:2    | Found a roughly hewn altar of Beogh.
 21709 | Orc:2    | Found Qaunufym's Antique Armour Boutique.
 21724 | Orc:2    | Found Nerghe Usira's Jewellery Boutique.
 21731 | Orc:2    | Bought a cursed -4 ring of dexterity for 22 gold pieces
 21744 | Orc:2    | Found a staircase to the Elven Halls.
 21836 | Orc:2    | Found Dejit's Antique Weapon Boutique.
 21850 | Orc:2    | Found Kevoash's General Store.
 21858 | Orc:2    | Bought a potion of heal wounds for 60 gold pieces
 21858 | Orc:2    | Bought a scroll of fear for 42 gold pieces
 21858 | Orc:2    | Bought a wand of enslavement (10) for 144 gold pieces
 22096 | Orc:1    | Found a transporter.
 22165 | Orc:1    | Identified the +5 demon whip "Busem" {vorpal, +Fly}
 22205 | Orc:1    | Found a transporter.
 22205 | Orc:1    | Noticed cantrip's ghost (journeyman FoFi)
 22213 | Orc:1    | Found a bloodstained altar of Trog.
 22215 | Orc:1    | Identified the +7 battleaxe "Orb Guardian's Doom" {vorpal,
                  | +Blink rF- Int+6 Dex-5}
 22215 | Orc:1    | Noticed an orc warlord
 22524 | D:12     | Noticed Psyche
 22531 | D:12     | Killed Psyche
 22675 | D:12     | Identified a scroll of acquirement
 22821 | D:12     | You fall into a shaft and drop 2 floors!
 22831 | D:14     | Identified Roxanne's Compendium of Moulding
 22831 | D:14     | Noticed Roxanne
 23044 | D:14     | Found a flagged portal.
 23066 | Bailey   | Entered a bailey
 23195 | Bailey   | Identified Sif Muna's Guide on Sinister Orientation
 23251 | Bailey   | Got a pair of fine gloves
 23317 | Bailey   | Identified the +0 pair of gloves of Gravitas {rC+ Str+4}
                  | (You found it in a bailey)
 23355 | D:14     | Reached XP level 15. HP: 98/105 MP: 33/33
 23811 | D:14     | Reached skill level 5 in Throwing
 23811 | D:14     | Reached XP level 16. HP: 111/111 MP: 34/34
 23832 | D:15     | Entered Level 15 of the Dungeon
 23914 | D:15     | Found a hide-covered altar of Uskayaw.
 23972 | D:15     | Found a frozen archway.
 23996 | D:15     | Learned a level 4 spell: Fulminant Prism
 23997 | IceCv    | Entered an ice cave
 24018 | IceCv    | Reached skill level 15 in Spellcasting
 24739 | D:14     | Killed Roxanne
 25538 | D:15     | Found a staircase to the Depths.
 25947 | D:13     | Found a gate to the Vaults.
 26361 | D:13     | Got a sparkling lead ring
 26445 | D:14     | Identified the ring "Jesm" {rN+ EV+4} (You found it on
                  | level 13 of the Dungeon)
 26679 | Lair:1   | Learned a level 3 spell: Mephitic Cloud
 26831 | Shoals:1 | Entered Level 1 of the Shoals
 27125 | Shoals:1 | Noticed Kirke
 27125 | Shoals:1 | HP: 5/113 [merfolk javelineer/silver javelin (6)]
 27129 | Shoals:1 | Noticed Aizul
 27807 | Lair:3   | Killed Aizul
 28990 | Shoals:1 | Killed Kirke
 29571 | Shoals:2 | Noticed Ilsuiw
 29589 | Shoals:2 | Killed Ilsuiw
 29597 | Shoals:2 | Reached XP level 17. HP: 116/120 MP: 25/36
 29724 | Shoals:2 | Noticed Polyphemus
 30440 | Shoals:2 | Noticed a kraken
 30467 | Shoals:2 | HP: 6/120 [merfolk/+0 trident (15)]
 30523 | Shoals:2 | Killed Polyphemus
 31098 | Shoals:3 | Reached skill level 5 in Hexes
 31139 | Shoals:3 | Found a runed translucent door.
 31341 | Shoals:3 | Found a shimmering altar of Xom.
 31341 | Shoals:3 | Noticed ShutUppercut's ghost (adept SpEn)
 31430 | Shoals:3 | Reached skill level 16 in Spellcasting
 31626 | Shoals:3 | Noticed a kraken
 31678 | Shoals:3 | Killed a kraken
 31752 | Shoals:3 | Got a masterwork short sword
 31760 | Shoals:3 | Identified the +5 short sword of Shrieking Terror {flame,
                  | +Fly rF+ rC+ rN+} (You found it on level 3 of the Shoals)
 31797 | Shoals:4 | Entered Level 4 of the Shoals
 32137 | Shoals:4 | Got a barnacled rune of Zot
 32448 | Shoals:4 | Noticed Bai Suzhen
 32495 | Shoals:4 | HP: 4/120 [Bai Suzhen] (23)]
 32495 | Shoals:4 | Mangled by Bai Suzhen

Illustrated notes

Levels and vault maps discovered:
D:1:      dpeg_arrival_caged_fury, layout_basic
D:2:      layout_loops_ring, uniq_jessica
D:3:      layout_basic, overflow_temple_1_default
D:4:      layout_basic, xom_teletrap_fun
D:5:      layout_basic, nicolae_ru_awakened_eye, lemuel_crystal_altar,
          first_ration, uniq_edmund
D:6:      layout_rooms, fiery_altar_vehumet, kennysheep_mini_moat,
          grunt_qazlal_clouds, uniq_duvessa, uniq_eustachio, uniq_maggie
D:7:      layout_loops_cross, minmay_temple_entry_gardened_gates,
          gup_ossuary_entry_pyramid, grunt_livestock, lemuel_angel_altar,
          uniq_prince_ribbit1, uniq_menkaure, uniq_joseph
D:8:      layout_layer_cave, nicolae_overflow_hidden_temple, lair_entry_dummy,
          minmay_misc_feat_room, minmay_between
D:9:      layout_layer_cave, uniq_erolcha
D:10:     layout_gridville, orc_0_dummy
D:11:     layout_roguey [special_room_bee], uniq_gastronok, uniq_josephine
D:12:     layout_basic, jmf_multi_god_temple2, uniq_psyche
D:13:     cheibrodos_quadrivalence, layout_small_grid, david_vaults_1
D:14:     layout_loops_ring, enter_bailey_3, hangedman_decor_opposing,
          chequers_mini_garden, serial_bayou_pond_e, uniq_roxanne
D:15:     gammafunk_depths_entry_grave, layout_cave_pools, basic_altar,
          portal_ice_cave_entry_pillars_2, serial_co_window_serial,
          co_window_of_opportunity_a, co_window_paths_b, co_window_paths_b,
          co_window_corner_a, co_window_corner_a, co_window_corner_b,
          co_window_unsneaky_path_b, co_window_2corner, co_window_corner_b,
          co_window_broadway_b, co_window_unsneaky_path_a, co_window_corner_b,
          co_window_4corner_b, glass_columns_b, glass_columns_a,
          glass_columns_a, glass_columns_a
Lair:1:   layout_loops_ring, chequers_serial_rivers_room_a
Lair:2:   layout_concentric_octagons, spider_nest_entry_a,
          minmay_lair_oklob_chamber
Lair:3:   gammafunk_lair_enchanted_lake, layout_loops_ring,
          minmay_shoals_entry_hut, chequers_serial_rivers_large_a
Lair:4:   layout_hall_layers, chequers_serial_rivers_micro_d, uniq_rupert
Lair:5:   layout_cave_pods, lemuel_fruit_fields, uniq_nessos
Lair:6:   hangedman_lair_caniforms_friends, layout_concentric_octagons,
          slime_altar_2, uniq_snorg
Shoals:1: layout_shoals, nicolae_shoals_dead_sea_scrolls, uniq_aizul, uniq_kirke
Shoals:2: layout_shoals, uniq_ilsuiw, uniq_polyphemus
Shoals:3: layout_shoals, ebering_ghost_xom
Shoals:4: shoals_end_simple, layout_shoals, nicolae_shoals_arrival_archipelago,
          uniq_bai_suzhen
Orc:1:    nicolae_orc_accident_3, layout_diamond_mine,
          gammafunk_ghost_wrathful_warriors
Orc:2:    grunt_orc_cross, layout_diamond_mine, serial_shops,
          nicolae_shop_stone, uniq_urug, uniq_donald

Skill      XL: |  1  2  3  4  5  6  7  8  9 10 11 12 13 14 15 16 17 |
---------------+----------------------------------------------------+-----
Stealth        | 2 3 4 |  4.5
Dodging        | 2 3 4 5 6 7 8 9 |  9.5
Fighting       | 1 2 3 4 5 6 7 8 |  8.0
Spellcasting   | 3 4 6 7 9 10 11 12 14 15 16 | 16.3
Charms         | 1 |  1.0
Ice Magic      | 5 6 7 8 9 10 11 12 | 12.1
Summonings     | 1 2 4 5 6 |  6.0
Conjurations   | 2 3 4 5 6 7 |  7.6
Short Blades   | 2 3 4 |  4.0
Invocations    | 2 4 5 6 7 |  7.0
Evocations     | 2 3 5 6 7 |  7.0
Air Magic      | 3 4 5 6 |  6.0
Shields        | 3 4 5 6 7 |  7.5
Hexes          | 1 3 4 5 |  5.0
Throwing       | 5 |  5.0

Action                   |  1- 3 |  4- 6 |  7- 9 | 10-12 | 13-15 | 16-18 || total
-------------------------+-------+-------+-------+-------+-------+-------++-------
Melee: Dagger            |    35 |    28 |   249 |   201 |   289 |       ||   802
       Unarmed           |     1 |       |       |       |       |       ||     1
       Tailslap          |     2 |     3 |    34 |    28 |    58 |   108 ||   233
       Rapier            |       |       |       |    53 |       |       ||    53
       Quick blade       |       |       |       |       |    91 |   558 ||   649
 Fire: Shortbow          |       |       |       |     1 |       |       ||     1
       Hand crossbow     |       |       |       |       |     4 |       ||     4
Throw: Boomerang         |       |     8 |       |     9 |     5 |    34 ||    56
       Dart              |       |       |    15 |     1 |    14 |       ||    30
       Throwing net      |       |       |       |       |       |     7 ||     7
 Cast: Freeze            |    32 |    11 |     3 |     9 |     7 |     2 ||    64
       Frozen Ramparts   |     3 |    30 |    37 |    69 |   106 |    55 ||   300
       Ozocubu's Armour  |       |     2 |    11 |    11 |     9 |     8 ||    41
       Summon Ice Beast  |       |       |    24 |    55 |   140 |    41 ||   260
       Hailstorm         |       |       |       |    55 |   121 |   108 ||   284
       Airstrike         |       |       |       |     5 |     4 |    11 ||    20
       Confusing Touch   |       |       |       |       |    10 |    35 ||    45
       Fulminant Prism   |       |       |       |       |       |    35 ||    35
       Mephitic Cloud    |       |       |       |       |       |    45 ||    45
Invok: Ancestor Identity |       |       |     1 |       |       |       ||     1
       Recall Ancestor   |       |       |     2 |       |     1 |     4 ||     7
       Ancestor Life: He |       |       |     1 |       |       |       ||     1
 Abil: Breathe Noxious F |       |       |     4 |    23 |    39 |    41 ||   107
Evoke: Wand              |       |       |     1 |       |     4 |    61 ||    66
       Phantom mirror    |       |       |       |       |       |     2 ||     2
  Use: Scroll            |     4 |     6 |     6 |    14 |    12 |    16 ||    58
       Potion            |       |       |       |     2 |     5 |    15 ||    22
 Stab: Sleeping          |     6 |     2 |    10 |     3 |     8 |    14 ||    43
       Confused          |       |       |     1 |     7 |    18 |    47 ||    73
       Distracted        |       |       |       |     4 |     2 |     5 ||    11
       Paralysed         |       |       |       |       |       |    30 ||    30
       Held in net/web   |       |       |       |       |       |     3 ||     3
  Eat: Chunk             |     2 |    12 |    12 |    28 |    31 |    26 ||   111
       Ration            |       |       |     1 |     1 |     2 |     3 ||     7
Armor: Skin              |    25 |    11 |    87 |    74 |   106 |    93 ||   396
Dodge: Dodged            |    47 |    35 |   171 |   187 |   254 |   167 ||   861
Block: Buckler           |       |       |       |    16 |    98 |       ||   114
       Kite shield       |       |       |       |       |    73 |   149 ||   222
       Reflection        |       |       |       |       |     3 |    11 ||    14
